 Dungeon Crawl Stone Soup version 0.31.0-11-ge490571c62 (webtiles) character file.

Game seed: 9918026541019947237

50 Drazool the Ruffian (level 3, -1/31 HPs)
             Began as a Naga Shapeshifter on Feb 2, 2024.
             Slain by Natasha (6 damage)
             ... on level 2 of the Dungeon.
             The game lasted 00:04:11 (1023 turns).

Drazool the Ruffian (Naga Shapeshifter)             Turns: 1023, Time: 00:04:12

Health: -1/31      AC:  2    Str: 16    XL:     3   Next: 79%
Magic:  3/3        EV:  9    Int: 10    God:
Gold:   98         SH:  0    Dex: 12    Spells: 2/2 levels left

rFire   + .          .
                       - Unarmed
rCold   + . .        (no shield)
rNeg    . . .        n - +0 leather armour {rC+}
rPois   +            (helmet currently unavailable)
rElec   .            (cloak currently unavailable)
rCorr   .            (gloves currently unavailable)
SInv    +            (no barding)
Will    .....        e - amulet of the acrobat
Stlth   +            F - ring of protection from fire
HPRegen 0.25/turn    (no ring)
MPRegen 0.08/turn

%: acrobat
@: short of breath, beast-form, slowed, very slow
A: beast (slay +1), AC +1, large, see invisible, deformed body, poison
resistance, slowness 2, spit poison 1, naga tail 1
a: Spit Poison, Begin Untransformation


You were on level 2 of the Dungeon.
You were a hulking beast.
You visited 1 branch of the dungeon, and saw 2 of its levels.

You collected 98 gold pieces.


Innate Abilities, Weirdness & Mutations

You are a hulking beast.
Your limbs bulge with bestial killing power. (Slay +1)
Your serpentine skin is tough. (AC +1)
You have supernaturally acute eyesight. (SInv)
Armour fits poorly on your strangely shaped body.
Your system is resistant to poisons. (rPois)
You cover ground very slowly.
You can spit poison.
You have a snake-like lower body.


   Skills:
 - Level 1.0 Fighting
 - Level 1.5 Dodging
 + Level 4.6 Unarmed Combat
 - Level 3.0 Shapeshifting


You had 2 spell levels left.
You didn't know any spells.
Your spell library was empty.

Inventory:

Armour
 a - a +0 animal skin
 n - a +0 leather armour of cold resistance (worn)
Jewellery
 e - an amulet of the acrobat (around neck)
 m - an amulet of reflection
 F - a ring of protection from fire (left hand)
Talismans
 c - a beast talisman
 d - a flux talisman
Scrolls
 f - a scroll of noise
 g - a scroll of poison
 o - a scroll of amnesia {unknown}
 p - 2 scrolls of teleportation {unknown}
 q - a scroll of revelation {unknown}
Potions
 b - a potion of lignification
 h - a potion of attraction {unknown}
 i - a potion of might {unknown}
 j - a potion of degeneration {unknown}
 k - a potion of curing {unknown}
 l - a potion of mutation

Dungeon Overview and Level Annotations

Branches:
Dungeon (2/15)

Altars:

Annotations:
D:2 Natasha

###### . #######..
... #.#...........
#............
####........#.#
..........5...
.........h5.#
...... ##h#
......###..#
#....#...## ..
#....###
......#....####
..............# .
....#.........# .
..##.........######
#.
#.##..............#


You could see Natasha (poisoned) and 2 cerulean imps.


Message History

You have got your breath back.
Natasha claws you. The cerulean imp closely misses you.
Natasha stares at you and mumbles some strange words.
You resist with some effort.
The cerulean imp hits you with a +2 spear.
Natasha misses you.
You hit Natasha.
Natasha is lightly wounded.
The cerulean imp hits you with a +2 spear.
Natasha casts a spell.
You closely miss Natasha.
Natasha is lightly wounded.
The cerulean imp hits you with a +2 spear.
* * * LOW HITPOINT WARNING * * *
Natasha claws you.
* * * LOW HITPOINT WARNING * * *
The cerulean imp hits you with a +2 spear.
* * * LOW HITPOINT WARNING * * *
Okay, then.
Okay, then.
Okay, then.
Use which ability? (? or * to list)
Aiming: Spit Poison (2% risk of failure)
Press: ? - help, Shift-Dir - straight line, f/p - Natasha
Aim: Natasha (lightly wounded, 50% to hit)
The splash of poison hits Natasha.
Natasha is poisoned.
Natasha is moderately wounded.
Natasha claws you.
You die...
Natasha curls up and begins to purr.

Skill      XL: |  1  2 |
---------------+-------+-----
Unarmed Combat | 4 |  4.6
Fighting       | |  1.0
Dodging        | |  1.5
Shapeshifting  | |  3.0

Action                     || total
---------------------------++-------
  Melee: Unarmed           ||    86
         Punch             ||     1
Ability: Spit Poison       ||    10
    Use: Scroll            ||     3
 Armour: Animal skin       ||    37
         Leather armour    ||    13
  Dodge: Dodged            ||    60

Levels and vault maps discovered:
D:1:      psy_arrival_basics, layout_rooms
D:2:      layout_rooms, hangedman_abyss_or_decor_lesser_grid, uniq_natasha

Notes
Turn   | Place    | Note
-------+----------+-------------------------------------------
     0 | D:1      | Drazool the Naga Shapeshifter began the quest for the Orb.
     0 | D:1      | Reached XP level 1. HP: 18/18 MP: 1/1
   122 | D:1      | Reached XP level 2. HP: 25/25 MP: 2/2
   657 | D:1      | Reached skill level 4 in Unarmed Combat
   730 | D:2      | Reached XP level 3. HP: 31/31 MP: 3/3
  1017 | D:2      | Noticed Natasha
  1023 | D:2      | Slain by Natasha

Vanquished Creatures
  An adder (D:2)
  A dart slug (D:1)
  A ribbon worm (D:2)
  3 endoplasms
  2 giant cockroaches (D:1)
  6 goblins
  2 hobgoblins (D:2)
  3 jackals (D:2)
  A kobold (D:1)
  A quokka (D:1)
  3 ball pythons
  4 bats
  5 frilled lizards
  2 rats (D:1)
35 creatures vanquished.

Table legend: (Time is in decaauts)
 A = Elapsed time spent in this place.
 B = Non-inter-level travel time spent in this place.
 C = Inter-level travel time spent in this place.
 D = Time resting spent in this place.
 E = Time spent auto-exploring this place.
 F = Levels seen in this place.
 G = Mean time per level.
                   A        B        C        D        E       F      G
               +--------+--------+--------+--------+--------+-----+--------+
         Total |   1287 |   1268 |     19 |     56 |    883 |   2 |  643.5 |
       Dungeon |   1287 |   1268 |     19 |     56 |    883 |   2 |  643.5 |
               +--------+--------+--------+--------+--------+-----+--------+

Top non-repeatable levels by time:
     D:1: 873 daAuts
     D:2: 414 daAuts

Table legend:
 A = Non-vault XP
 B = Vault XP
 C = Vault XP percentage of total XP
 D = Non-vault monster count
 E = Vault monster count
 F = Vault count percentage of total count
                 A         B        C        D         E       F
            +---------+---------+-------+---------+---------+-------
      Total |      72 |       0 |   0.0 |      35 |       0 |   0.0
            +---------+---------+-------+---------+---------+-------
        D:1 |      31 |       0 |   0.0 |      18 |       0 |   0.0
        D:2 |      41 |       0 |   0.0 |      17 |       0 |   0.0
            +---------+---------+-------+---------+---------+-------
